 Dungeon Crawl Stone Soup version 0.24-a0-521-g122614bf49 (webtiles) character file.

Game seed: 6766375268227672189

23472 GordonOverkill the Cleaver (level 12, -3/94 HPs)
             Began as a Demigod Fire Elementalist on July 30, 2019.
             Killed from afar by a swamp worm (12 damage)
             ... with a harpoon shot
             ... on level 3 of the Lair of Beasts.
             The game lasted 00:48:21 (22112 turns).

GordonOverkill the Cleaver (DgFE)                  Turns: 22112, Time: 00:48:22

Health: -3/94      AC:  9    Str: 21    XL:     12   Next: 39%
Magic:  0/18       EV:  9    Int: 19    God:
Gold:   873        SH: 15    Dex: 16    Spells: 14/14 levels left

rFire    . . .     SeeInvis .   a - +3 war axe (freeze)
rCold    . . .     Gourm    .   y - +0 large shield
rNeg     . . .     Faith    .   d - +2 leather armour "Emnu" {*Drain MR+ Str+2 Slay+5}
rPois    .         Spirit   +   (no helmet)
rElec    +         Reflect  .   E - +0 cloak "Gaty" {rElec}
rCorr    +         Harm     .   (no gloves)
MR       ++...                  (no boots)
Stlth    ++........             C - amulet of guardian spirit
HPRegen  0.25/turn              A - ring of resist corrosion
MPRegen  0.16/turn              h - +3 ring of protection

@: hasted, very quick
A: high mp 1
a: no special abilities


You were on level 3 of the Lair of Beasts.
You were hungry.

You visited 2 branches of the dungeon, and saw 14 of its levels.

You collected 873 gold pieces.

Inventory:

Hand Weapons
 a - a +3 war axe of freezing (weapon)
 b - a +2 flail of protection
 w - a +0 dagger of venom
Missiles
 g - 3 silver boomerangs
 H - 5 boomerangs (quivered)
 I - a throwing net
Armour
 d - the +2 leather armour "Emnu" (worn) {*Drain MR+ Str+2 Slay+5}
   (You found it on level 2 of the Lair of Beasts)

   It affects your strength (+2).
   It affects your accuracy and damage with ranged weapons and melee attacks
   (+5).
   It affects your resistance to hostile enchantments.
   It causes draining when unequipped.
 q - a +0 plate armour
 y - a +0 large shield (worn)
 E - the +0 cloak "Gaty" (worn) {rElec}
   (You found it on level 6 of the Dungeon)

   It insulates you from electricity.
Jewellery
 h - a +3 ring of protection (right hand)
 m - an uncursed ring of stealth
 A - a ring of resist corrosion (left hand)
 C - an amulet of guardian spirit (around neck)
 K - an uncursed ring of ice
Wands
 o - a wand of paralysis (13)
 t - a wand of flame (24)
 J - a wand of random effects (64)
Scrolls
 k - 6 scrolls of remove curse
 l - a scroll of identify
 n - 2 scrolls of fog
 x - 2 scrolls of enchant armour
 G - a scroll of amnesia
 L - a scroll of teleportation
Potions
 e - a potion of haste
 f - 4 potions of curing
 i - a potion of brilliance
 j - 2 potions of flight
 p - 2 potions of cancellation
 r - 2 potions of ambrosia
 u - 10 potions of degeneration
 v - 2 potions of might
 z - a potion of mutation
 B - 4 potions of lignification
 F - 4 potions of resistance
Comestibles
 c - 16 rations


   Skills:
 + Level 5.2 Fighting
 + Level 12.4(14.0) Axes
 - Level 11.4(13.6) Maces & Flails
 - Level 3.0 Armour
 - Level 3.0 Dodging
 - Level 1.7 Stealth
 - Level 6.0 Shields
 - Level 1.7 Spellcasting
   Level 0.8 Conjurations
   Level 2.6 Fire Magic
 - Level 4.0 Evocations


You had 14 spell levels left.
You didn't know any spells.
Your spell library contained the following spells:

 Spells                   Type           Power        Failure   Level  Hunger
 Flame Tongue             Conj/Fire      #....        75%         1    #......
 Throw Flame              Conj/Fire      #.....       86%         2    ###....
 Beastly Appendage        Tmut           #.....       93%         1    #......
 Sticks to Snakes         Tmut           #.......     98%         2    ###....
 Conjure Flame            Conj/Fire      #.......     98%         3    ###....
 Inner Flame              Hex/Fire       #.......     99%         3    ###....
 Spider Form              Tmut/Pois      #.........   100%        3    ###....
 Ice Form                 Ice/Tmut       #.......     100%        4    #####..
 Sticky Flame             Conj/Fire      #.......     100%        4    #####..
 Blade Hands              Tmut           #.........   100%        5    ######.
 Fireball                 Conj/Fire      #.........   100%        5    ######.


Dungeon Overview and Level Annotations

Branches:
Dungeon (11/15)            Temple (0/1) D:6            Lair (3/6) D:8
  Snake (0/4) Lair:2          Orc (0/2) D:11
  Swamp: Lair:2-4    Shoals: Lair:2-4

Annotations:
Lair:3 Rupert


Innate Abilities, Weirdness & Mutations

You have an increased reservoir of magic. (+10% MP)


Message History

The swamp worm closely misses you.
Evoke which item? (* to show all) (? for menu, Esc to quit)
Aiming: Cloud Cone
Press: ? - help, Dir - move target cursor, f/p - Rupert
Aim: Rupert, wielding a +0 battleaxe of freezing and wearing a +0 leather armour (severely wounded, berserk, fast, unusually strong)
You create a blast of noxious fumes!
The now-empty wand crumbles to dust.
The swamp worm bites you but does no damage.
Rupert is engulfed in noxious fumes.
Rupert hits you but does no damage. You block the swamp worm's attack.
Rupert is engulfed in noxious fumes.
The swamp worm bites you.
* * * LOW HITPOINT WARNING * * *
A swamp worm comes into view.
Okay, then.
You feel yourself speed up. Rupert closely misses you.
The swamp worm barely misses you.
The swamp worm is engulfed in freezing vapours.
The swamp worm is engulfed in freezing vapours.
The swamp worm throws harpoon shot at you.
The harpoon shot hits you!
You die...

... ♣♣♣.. .P.P
...♣#♣... #... #..§..
#..#######
#.§§#####...##.#.####
#.○w§#.##..........#
####§§........#....##
#§§...w....##.....##
####...............#
#....@@.)"......#.#
#...........#.♣.#.#
##.............^#.# .
##.......#.....#.#...
#.#......##......=...
##.#.......##'.##...
####♣##........##
♣.#...#....# .♣.
....#.......#....


You could see Rupert (berserk) and 2 swamp worms.

Vanquished Creatures
  Josephine (D:10)
  2 hydras
  A catoblepas (Lair:2)
  2 two-headed ogres
  2 death yaks
  An unseen horror (D:7)
  Pikel (D:6)
  An ugly thing (D:10)
  A torpor snail (Lair:3)
  2 black mambas
  Psyche (D:8)
  A centaur skeleton (D:10)
  A kobold demonologist (D:11)
  A komodo dragon (Lair:2)
  Grinder (D:5)
  2 hippogriffs
  Prince Ribbit (D:5)
  A tyrant leech (Lair:3)
  Sigmund (D:5)
  34 yaks
  4 wraiths
  A hungry ghost (D:7)
  4 basilisks
  3 nagas (Lair:2)
  Duvessa (D:6)
  Menkaure (D:4)
  3 water moccasins
  5 porcupines
  A swamp drake (D:11)
  4 orc warriors
  A sky beast (D:8)
  A black bear (D:9)
  2 ice beasts
  A necrophage (D:6)
  5 phantoms
  8 centaurs
  An ogre (D:10)
  5 wolves (Lair:2)
  7 crocodiles
  13 bullfrogs
  Dowan (D:6)
  2 scorpions
  16 killer bees
  5 wights (D:10)
  2 bullfrog zombies
  7 crimson imps
  2 centaur zombies
  3 jellies
  3 orc priests
  2 iguanas
  14 orc wizards
  2 bullfrog skeletons
  4 worker ants
  Ijyb (D:5)
  A hound skeleton (D:8)
  3 gnolls (D:5)
  10 adders
  An adder skeleton (D:8)
  5 worms
  2 dart slugs
  4 leopard geckos
  45 orcs
  2 ball pythons
  6 giant cockroaches
  10 goblins
  11 hobgoblins
  3 jackals (D:5)
  6 quokkas
  7 bats
  4 frilled lizards
  A jackal skeleton (D:6)
  7 kobolds
  11 rats
332 creatures vanquished.

Vanquished Creatures (others)
  A sky beast (D:6)
  A phantom (D:6)
  A bullfrog (D:6)
  A crimson imp (D:6)
  A leopard gecko (D:6)
  An orc (D:6)
  A bush (Lair:2)
  10 fungi
  2 plants (Lair:2)
19 creatures vanquished.

Grand Total: 351 creatures vanquished

Notes
Turn   | Place    | Note
-------+----------+-------------------------------------------
     0 | D:1      | GordonOverkill the Demigod Fire Elementalist began the
                  | quest for the Orb.
     0 | D:1      | Reached XP level 1. HP: 14/14 MP: 5/5
   366 | D:1      | Reached XP level 2. HP: 22/22 MP: 5/7
   499 | D:1      | Reached skill level 1 in Fighting
   499 | D:1      | Reached skill level 1 in Armour
  1054 | D:1      | Reached XP level 3. HP: 24/28 MP: 3/8
  1133 | D:1      | You fall into a shaft and drop 1 floor!
  2123 | D:1      | Reached XP level 4. HP: 36/36 MP: 9/9
  2833 | D:3      | Reached skill level 1 in Shields
  3359 | D:3      | Reached XP level 5. HP: 41/41 MP: 10/10
  3693 | D:4      | Reached skill level 1 in Maces & Flails
  4038 | D:4      | Noticed Menkaure
  4043 | D:4      | Killed Menkaure
  4043 | D:4      | Reached skill level 1 in Evocations
  4043 | D:4      | Reached XP level 6. HP: 47/50 MP: 11/11
  4441 | D:5      | Entered Level 5 of the Dungeon
  4497 | D:5      | Noticed Prince Ribbit
  4510 | D:5      | Killed Prince Ribbit
  4650 | D:5      | Reached XP level 7. HP: 54/56 MP: 12/12
  4745 | D:5      | Noticed Ijyb
  4765 | D:5      | Killed Ijyb
  5444 | D:5      | Noticed Grinder
  5452 | D:5      | Killed Grinder
  5667 | D:5      | Noticed Sigmund
  5671 | D:5      | Killed Sigmund
  6150 | D:6      | Noticed Dowan
  6151 | D:6      | Noticed Duvessa
  6165 | D:6      | Killed Duvessa
  6165 | D:6      | Reached XP level 8. HP: 61/63 MP: 13/13
  6183 | D:6      | Killed Dowan
  6246 | D:6      | Noticed Pikel
  6267 | D:6      | Killed Pikel
  6267 | D:6      | Reached skill level 5 in Maces & Flails
  6267 | D:6      | Reached skill level 5 in Shields
  6689 | D:6      | Found a staircase to the Ecumenical Temple.
  6722 | D:6      | Got an ichor-stained cloak
  6728 | D:6      | Identified the +0 cloak "Gaty" {rElec} (You found it on
                  | level 6 of the Dungeon)
  7254 | D:7      | Reached XP level 9. HP: 54/68 MP: 15/15
  7991 | D:7      | Killed an unseen horror
  8734 | D:8      | Noticed Psyche
  8915 | D:8      | Noticed a death yak
  9641 | D:8      | Killed Psyche
  9641 | D:8      | Reached skill level 10 in Maces & Flails
  9702 | D:8      | Killed a death yak
  9702 | D:8      | Reached XP level 10. HP: 46/76 MP: 16/16
 10865 | D:8      | Found a staircase to the Lair.
 11104 | D:9      | Noticed a two-headed ogre
 11116 | D:9      | Killed a two-headed ogre
 11240 | D:9      | Reached skill level 1 in Axes
 11289 | D:9      | Found a hide-covered altar of Uskayaw.
 11562 | D:10     | Entered Level 10 of the Dungeon
 11592 | D:9      | Reached skill level 2 in Axes
 11946 | D:9      | Reached skill level 3 in Axes
 11996 | D:10     | Noticed Josephine
 12005 | D:10     | HP: 2/77 [Josephine/vampiric draining (22)]
 12010 | D:10     | Killed Josephine
 12010 | D:10     | Reached skill level 4 in Axes
 12470 | D:10     | Noticed a cyan ugly thing
 12482 | D:10     | Killed a cyan ugly thing
 12482 | D:10     | Reached skill level 5 in Axes
 13724 | D:11     | Reached skill level 6 in Axes
 13729 | D:11     | Reached XP level 11. HP: 73/82 MP: 17/17
 14544 | D:11     | Reached skill level 7 in Axes
 15206 | D:11     | Found a staircase to the Orcish Mines.
 15884 | D:11     | Noticed a two-headed ogre
 15895 | D:11     | Killed a two-headed ogre
 15895 | D:11     | Reached skill level 8 in Axes
 16692 | Lair:1   | Entered Level 1 of the Lair of Beasts
 16863 | Lair:1   | Reached skill level 9 in Axes
 17713 | Lair:2   | Reached skill level 10 in Axes
 18511 | Lair:2   | Found a staircase to the Snake Pit.
 18678 | Lair:2   | Reached skill level 11 in Axes
 18680 | Lair:2   | Noticed a catoblepas
 18972 | Lair:2   | Noticed a six-headed hydra
 19612 | D:7      | Killed a six-headed hydra
 19612 | D:7      | Reached XP level 12. HP: 36/89 MP: 18/18
 20133 | Lair:2   | Killed a catoblepas
 20496 | Lair:2   | Got a polished leather armour
 20507 | Lair:2   | Identified the +2 leather armour "Emnu" {*Drain MR+ Str+2
                  | Slay+5} (You found it on level 2 of the Lair of Beasts)
 20996 | Lair:2   | Reached skill level 12 in Axes
 21302 | Lair:3   | Noticed a four-headed hydra
 21320 | Lair:3   | Killed a four-headed hydra
 21602 | Lair:3   | Reached skill level 5 in Fighting
 22091 | Lair:3   | Noticed Rupert
 22106 | Lair:3   | HP: 2/94 [swamp worm/harpoon shot (10)]
 22112 | Lair:3   | Killed from afar by a swamp worm

Levels and vault maps discovered:
D:1:      ncdulo_lavacross, layout_rooms, kennysheep_doodads,
          serial_bayou_pond_b
D:2:      layout_loops_cross, serial_bayou, serial_bayou_ford_a,
          serial_bayou_shore_a, serial_bayou_lagoon_b, serial_bayou_lake_a,
          kennysheep_generic_room_11
D:3:      layout_basic, first_ration
D:4:      layout_rooms, uniq_menkaure
D:5:      layout_layer_cave, uniq_grinder, uniq_ijyb, uniq_prince_ribbit1,
          uniq_sigmund
D:6:      layout_loops_cross, minmay_temple_entry_grid,
          kennysheep_generic_room_3, uniq_pikel, uniq_duvessa
D:7:      layout_basic
D:8:      layout_cave_pools, david_lair_generic, uniq_psyche
D:9:      layout_rooms, eat_drink_and_be_merry_uskayaw
D:10:     layout_basic, uniq_josephine
D:11:     layout_roguey, erik_orc_1, gauntlet_entry_generic
Lair:1:   layout_cave_pods, chequers_serial_rivers_large_b,
          minmay_stone_trees_small, patterned_corridor, grunt_megastairs_5
Lair:2:   layout_gridlike, guppyfry_snake_entry_garden, lemuel_fruit_tree
Lair:3:   layout_cave_pods, minmay_swamp_entry_worms, minmay_shattered_shrine,
          grunt_megastairs_1, uniq_rupert

Skill      XL: |  1  2  3  4  5  6  7  8  9 10 11 12 |
---------------+-------------------------------------+-----
Dodging        | 2 3 |  3.0
Fighting       | 1 2 3 5 |  5.2
Armour         | 1 2 3 |  3.0
Shields        | 1 2 3 4 6 |  6.0
Maces & Flails | 1 2 4 6 10 11 | 11.4
Evocations     | 1 2 4 |  4.0
Axes           | 6 11 12 | 12.4
Stealth        | |  1.7
Spellcasting   | |  1.7
Conjurations   | |  0.8
Fire Magic     | |  2.6

Action                   |  1- 3 |  4- 6 |  7- 9 | 10-12 || total
-------------------------+-------+-------+-------+-------++-------
Melee: Club              |     5 |       |       |       ||     5
       Dagger            |     1 |   145 |   324 |    32 ||   502
       Whip              |       |       |   225 |       ||   225
       Morningstar       |       |       |    42 |    72 ||   114
       Unarmed           |       |       |     2 |       ||     2
       War axe           |       |       |       |   720 ||   720
       Flail             |       |       |       |    19 ||    19
 Fire: Hunting sling     |     6 |    90 |   110 |    10 ||   216
Throw: Stone             |    34 |     2 |     5 |     4 ||    45
       Boomerang         |       |       |       |    22 ||    22
 Cast: Flame Tongue      |    74 |       |       |       ||    74
Evoke: Wand              |       |     6 |    16 |    37 ||    59
  Use: Scroll            |       |    10 |     3 |    12 ||    25
       Potion            |       |       |       |     8 ||     8
  Eat: Chunk             |     5 |     6 |    15 |    13 ||    39
       Ration            |       |     1 |     2 |     8 ||    11
Armor: Robe              |     7 |       |       |       ||     7
       Chain mail        |       |    57 |   271 |   182 ||   510
       Scale mail        |       |     7 |       |       ||     7
       Plate armour      |       |       |       |   231 ||   231
       Leather armour    |       |       |       |    22 ||    22
Dodge: Dodged            |    14 |    31 |   108 |   217 ||   370
Block: Shield            |       |    57 |   255 |   340 ||   652
       Large shield      |       |       |       |   238 ||   238

Table legend:
 A = Non-vault XP
 B = Vault XP
 C = Vault XP percentage of total XP
 D = Non-vault monster count
 E = Vault monster count
 F = Vault count percentage of total count
                 A         B        C        D         E       F
            +---------+---------+-------+---------+---------+-------
      Total |   26544 |    6988 |  20.8 |     287 |      46 |  13.8
            +---------+---------+-------+---------+---------+-------
        D:1 |      46 |       9 |  16.4 |      27 |       4 |  12.9
        D:2 |      62 |       1 |   1.6 |      14 |       1 |   6.7
        D:3 |     134 |       0 |   0.0 |      28 |       0 |   0.0
        D:4 |     193 |     157 |  44.9 |      12 |       1 |   7.7
        D:5 |     274 |     813 |  74.8 |      10 |       4 |  28.6
        D:6 |     399 |     959 |  70.6 |       6 |       4 |  40.0
        D:7 |    3086 |       0 |   0.0 |      31 |       0 |   0.0
        D:8 |     843 |    1743 |  67.4 |      25 |       5 |  16.7
        D:9 |    1575 |     628 |  28.5 |      17 |       3 |  15.0
       D:10 |    1841 |    1086 |  37.1 |      23 |       1 |   4.2
       D:11 |    4154 |     579 |  12.2 |      31 |      17 |  35.4
     Lair:1 |    2203 |       0 |   0.0 |      12 |       0 |   0.0
     Lair:2 |    9065 |     498 |   5.2 |      41 |       3 |   6.8
     Lair:3 |    2669 |     515 |  16.2 |      10 |       3 |  23.1
            +---------+---------+-------+---------+---------+-------
